 Seeded DCSS version 0.30-a0-40-gc6d0f036a7 (webtiles) character file.

Game seed: 20220829 (custom seed)

1025 AttackTheMoon the Sneak (level 8, 0/40 (42) HPs)
             Began as a Spriggan Hunter on Aug 29, 2022.
             Was a Believer of Uskayaw.
             Slain by a wight
             ... wielding a +3 dire flail
              (5 damage)
             ... on level 7 of the Dungeon.
             The game lasted 00:10:29 (5412 turns).

AttackTheMoon the Sneak (Spriggan Hunter)           Turns: 5412, Time: 00:10:29

HP:   0/40 (42)     AC:  3    Str: 13    XL:     8   Next: 2%
MP:   11/11         EV: 36    Int: 10    God:    Uskayaw [**....]
Gold: 340           SH:  0    Dex: 21    Spells: 7/7 levels left

rFire   . . .      SeeInvis +    a - +1 shortbow (freeze)
rCold   . . .      Faith    .    (shield currently unavailable)
rNeg    . . .      Spirit   .    c - +0 robe
rPois   .          Reflect  .    (helmet restricted)
rElec   .          Harm     .    n - +0 cloak
rCorr   .          Rampage  .    (gloves unavailable)
Will    +....                    (boots unavailable)
Stlth   ++++......               q - amulet of the acrobat
HPRegen 0.13/turn                j - ring of wizardry
MPRegen 0.12/turn                u - +6 ring of strength

@: acrobatic, lightly drained, very quick
A: very small, no large weapons, unfitting armour, see invisible, speed 3
a: Renounce Religion, Stomp, Line Pass


You were on level 7 of the Dungeon.
You worshipped Uskayaw.
Uskayaw was noncommittal.
You visited 1 branch of the dungeon, and saw 7 of its levels.

You collected 340 gold pieces.

Inventory:

Hand Weapons
 a - a +1 shortbow of freezing (weapon)
Armour
 c - a +0 robe (worn)
 n - a +0 cloak (worn)
Jewellery
 j - a ring of wizardry (left hand)
 m - a ring of ice
 q - an amulet of the acrobat (around neck)
 u - a +6 ring of strength (right hand)
Wands
 s - a wand of flame (20)
 v - a wand of paralysis (8)
Scrolls
 b - a scroll of immolation
 i - 4 scrolls of teleportation
 o - 3 scrolls of noise
 w - a scroll of poison
Potions
 d - a potion of berserk rage
 e - 2 potions of heal wounds
 f - 5 potions of curing
 g - a potion of might {unknown}
 h - 2 potions of mutation
 k - 3 potions of lignification
 l - a potion of ambrosia {unknown}
 p - 2 potions of haste
 r - a potion of attraction {unknown}
 t - a potion of invisibility {unknown}


   Skills:
 + Level 3.7 Fighting
 + Level 5.7 Ranged Weapons
 + Level 5.9 Dodging
 + Level 6.6 Stealth
 + Level 3.9 Invocations


You had 7 spell levels left.
You didn't know any spells.
Your spell library contained the following spells:

 Spells                   Type           Power      Damage    Failure   Level
 Necrotise                Necr           0%         1d4       16%         1
 Sting                    Tmut/Pois      0%         1d3       16%         1
 Poisonous Vapours        Pois/Air       0%         N/A       22%         2
 Frozen Ramparts          Ice            0%         1d1       41%         3
 Vampiric Draining        Necr           0%         2d6       41%         3
 Ice Form                 Ice/Tmut       0%         N/A       80%         4
 Olgreb's Toxic Radiance  Pois           0%         N/A       80%         4
 Summon Ice Beast         Ice/Summ       0%         N/A       80%         4
 Agony                    Necr           0%         N/A       98%         5


Dungeon Overview and Level Annotations

Branches:
Dungeon (7/15)             Temple (0/1) D:6

Altars:
Ashenzari
Elyvilon
Hepliaklqana
Kikubaaqudgha
Makhleb
Nemelex Xobeh
Okawaru
Ru
Sif Muna
Trog
Uskayaw
Vehumet
Xom
Zin

Shops:
D:6 =


Innate Abilities, Weirdness & Mutations

You are very small and have problems with some larger weapons.
You are too small for most types of armour.
You have supernaturally acute eyesight. (SInv)
You cover ground extremely quickly. (Speed+++)


Message History

The white imp misses you.
You shoot an arrow. The arrow hits the white imp.
You kill the white imp!
No target in view!
You see here a +0 dagger.
Done exploring.
Done exploring.
There is a stone staircase leading down here.
You climb downwards.
Found a stone staircase leading down.
There is a stone staircase leading up here.
Found a robe.
You see here a +0 robe.
Found 5 poisoned darts.
A wight comes into view. It is wielding a +3 dire flail.
You see here 21 gold pieces.
You now have 340 gold pieces (gained 21).
You shoot an arrow. The arrow closely misses the wight.
No target in view!
You shoot an arrow. The arrow barely misses the wight.
You shoot an arrow. The arrow hits the wight!
The wight is heavily damaged.
You shoot an arrow. The arrow closely misses the wight.
The wight completely misses you.
You shoot an arrow. The arrow hits the wight!
The wight is almost destroyed.
The wight hits you with a +3 dire flail!
You can now pass through a line of other dancers.
You shoot an arrow. The arrow barely misses the wight.
The wight completely misses you.
You shoot an arrow. The arrow barely misses the wight.
The wight misses you.
You shoot an arrow. The arrow barely misses the wight.
The wight hits you with a +3 dire flail!
You are too injured to fight recklessly!
You are too injured to fight recklessly!
You are too injured to fight recklessly!
The wight hits you with a +3 dire flail!
* * * LOW HITPOINT WARNING * * *
You feel drained.
You die...

#......# #.....#
#(....######
#.....#....####.###
####...............
########.##............
#......#..#............
#....z.##.#............
#.....@##.#......>.....
#......##.#............
##.##.....#............
.. #.#####............
## #. #.#########.# #.
#.[...# #.# #. #####.#
#.# #. #.# ###.# #.
#.###....


You could see a wight.

Vanquished Creatures
  A water moccasin (D:5)
  A sky beast (D:6)
  An ice beast (D:6)
  2 black bears
  A centaur (D:5)
  A gnoll bouda (D:5)
  3 hounds
  A jelly (D:4)
  2 iguanas
  6 adders
  9 gnolls
  A white imp (D:6)
  2 ufetubi
  4 worms
  3 dart slugs
  8 orcs (D:3)
  5 endoplasms
  3 giant cockroaches
  3 goblins
  7 hobgoblins
  4 quokkas
  3 ball pythons
  5 bats
  5 frilled lizards
  8 kobolds
  5 rats
94 creatures vanquished.

Vanquished Creatures (collateral kills)
  2 adders (D:4)
2 creatures vanquished.

Grand Total: 96 creatures vanquished

Notes
Turn   | Place    | Note
-------+----------+-------------------------------------------
     0 | D:1      | AttackTheMoon the Spriggan Hunter began the quest for the
                  | Orb.
     0 | D:1      | Reached XP level 1. HP: 10/10 MP: 2/2
   171 | D:1      | Found a faded altar of an unknown god.
   202 | D:1      | Prayed at the altar of an unknown god.
   202 | D:1      | Became a worshipper of Uskayaw the Reveller
   202 | D:1      | Reached * piety under Uskayaw
   239 | D:1      | Reached ** piety under Uskayaw
   620 | D:1      | Reached skill level 2 in Stealth
   622 | D:1      | Reached XP level 2. HP: 14/15 MP: 3/3
  1106 | D:2      | Reached *** piety under Uskayaw
  1120 | D:2      | Reached skill level 1 in Invocations
  1120 | D:2      | Reached XP level 3. HP: 17/18 MP: 4/4
  1568 | D:3      | Reached skill level 3 in Stealth
  1639 | D:3      | Reached XP level 4. HP: 23/23 MP: 6/6
  1724 | D:3      | You fall into a shaft and drop 1 floor!
  1987 | D:3      | Identified the +4 ring mail of Veotosm {+Inv Fly rN++}
  2393 | D:3      | Reached XP level 5. HP: 19/27 MP: 7/7
  2490 | D:3      | Found an iron altar of Okawaru.
  2544 | D:4      | Noticed a black bear
  2549 | D:4      | Killed a black bear
  2550 | D:4      | Reached skill level 4 in Stealth
  2886 | D:4      | Reached XP level 6. HP: 32/32 MP: 8/8
  3287 | D:4      | Reached skill level 5 in Ranged Weapons
  3350 | D:4      | Reached skill level 5 in Stealth
  3814 | D:5      | Entered Level 5 of the Dungeon
  3865 | D:5      | Noticed a water moccasin
  3871 | D:5      | Killed a water moccasin
  3872 | D:5      | Reached XP level 7. HP: 36/36 MP: 10/10
  4001 | D:5      | Reached skill level 5 in Dodging
  4542 | D:6      | Found a radiant altar of Vehumet.
  4613 | D:6      | Reached skill level 6 in Stealth
  4771 | D:6      | Found a staircase to the Ecumenical Temple.
  4784 | D:6      | Found a white marble altar of Elyvilon.
  4784 | D:6      | Found an ancient bone altar of Kikubaaqudgha.
  4784 | D:6      | Found a shimmering blue altar of Sif Muna.
  4789 | D:6      | Found a bloodstained altar of Trog.
  4792 | D:6      | Found a broken altar of Ashenzari.
  4795 | D:6      | Found a shimmering altar of Xom.
  4799 | D:6      | Found a hazy altar of Hepliaklqana.
  4800 | D:6      | Found a sacrificial altar of Ru.
  4852 | D:6      | Found a sparkling altar of Nemelex Xobeh.
  4852 | D:6      | Found a faded altar of an unknown god.
  4861 | D:6      | Found a burning altar of Makhleb.
  4863 | D:6      | Found a glowing silver altar of Zin.
  4865 | D:6      | Found a faded altar of an unknown god.
  5035 | D:6      | Reached XP level 8. HP: 35/42 MP: 11/11
  5243 | D:6      | Found Dusahicu's Jewellery Shop.
  5412 | D:7      | Slain by a wight

Illustrated notes

Levels and vault maps discovered:
D:1:      dpeg_arrival_refuge, layout_loops_corners,
          hellmonk_ecumenical_altar_crossroads, corexii_corridor_pit,
          minmay_small_reverse_x
D:2:      layout_basic
D:3:      layout_basic, okawaru_altar_gauntlet_db, st_stairs_9
D:4:      minmay_spotlight, layout_layer_cave, kennysheep_generic_room_9
D:5:      layout_basic
D:6:      layout_loops_ring, nicolae_overflow_hallway_of_the_gods,
          chequers_temple_overflow_minitemple, lemuel_doored_altar,
          minmay_temple_entry_glassed_door, serial_shops,
          nicolae_shop_advertising_works [nicolae_subvault_shop_adworks]
D:7:      layout_basic, gammafunk_ghost_grave, kennysheep_generic_room_7

Skill      XL: |  1  2  3  4  5  6  7 |
---------------+----------------------+-----
Stealth        | 2 3 4 5 6 |  6.6
Dodging        | 3 4 5 |  5.9
Invocations    | 1 2 3 |  3.9
Fighting       | 2 3 |  3.7
Ranged Weapons | 5 |  5.7

Action                   |  1- 3 |  4- 6 |  7- 9 || total
-------------------------+-------+-------+-------++-------
 Fire: Shortbow          |    98 |   134 |    66 ||   298
Invok: Stomp             |     1 |       |       ||     1
  Use: Scroll            |     5 |     6 |     3 ||    14
Armor: Robe              |     4 |     7 |     2 ||    13
Dodge: Dodged            |    24 |    47 |    28 ||    99

Table legend: (Time is in decaauts)
 A = Elapsed time spent in this place.
 B = Non-inter-level travel time spent in this place.
 C = Inter-level travel time spent in this place.
 D = Time resting spent in this place.
 E = Time spent auto-exploring this place.
 F = Levels seen in this place.
 G = Mean time per level.
                   A        B        C        D        E       F      G
               +--------+--------+--------+--------+--------+-----+--------+
         Total |   3878 |   3785 |     93 |    156 |   2932 |   7 |  554.0 |
       Dungeon |   3878 |   3785 |     93 |    156 |   2932 |   7 |  554.0 |
               +--------+--------+--------+--------+--------+-----+--------+

Top non-repeatable levels by time:
     D:4: 1077 daAuts
     D:1: 762 daAuts
     D:3: 601 daAuts
     D:6: 527 daAuts
     D:5: 519 daAuts
     D:2: 336 daAuts
     D:7: 54 daAuts
